Map: Winter's Gate LE

Players

Fractal - Winner!

  • Race: Zerg Zerg
  • League: Platinum
  • Spawn Location: 11:00

waelh

  • Race: Terran Terran
  • League: Diamond
  • Spawn Location: 5:00

VOD

Have the link to the VOD?

Description

Time

  • Played on: Oct. 19, 2019, 3:37 p.m.
  • Length: 11:06
Show
View Real Time Build Order
Export as new Build Order

Fractal Zerg - Winner!

Build Orders: Hatch First 

Get SALT Encoding   

  12  0:01  Drone  
  13  0:12  Overlord  
  13  0:16  Drone  
  14  0:31  Drone x2  
  14  0:34  Drone  
  17  0:45  Drone  
  18  0:55  Hatchery  
  17  0:59  Extractor  
  17  1:00  Drone  
  17  1:15  Spawning Pool  
  17  1:17  Drone  
  17  1:20  Drone  
  18  1:30  Drone  
  19  1:41  Drone  
  20  1:49  Overlord  
  20  2:03  Metabolic Boost  
  20  2:04  Drone  
  20  2:06  Queen  
  20  2:08  Queen  
  23  2:11  Drone  
  26  2:17  Drone  
  26  2:21  Drone  
  28  2:24  Drone  
  28  2:29  Drone  
  30  2:33  Drone  
  31  2:40  Overlord  
  31  2:48  Hatchery  
  30  2:51  Overlord  
  30  2:59  Drone x2  
  30  3:05  Drone, Roach Warren  
  33  3:07  Drone  
  33  3:17  Drone  
  33  3:18  Drone x4  
  38  3:24  Zergling x6  
  41  3:28  Overlord  
  41  3:34  Extractor  
  40  3:36  Zergling x2  
  40  3:39  Lair  
  41  3:44  Queen  
  45  3:48  Roach  
  45  3:49  Roach  
  45  3:55  Drone x2  
  49  4:02  Drone x2  
  51  4:05  Roach x2  
  51  4:07  Roach  
  51  4:08  Overlord  
  57  4:20  Pneumatized Carapace  
  57  4:26  Queen, Overlord  
  57  4:29  Overlord  
  59  4:31  Drone  
  59  4:32  Drone x3  
  59  4:34  Drone  
  63  4:38  Extractor  
  63  4:40  Roach x2  
  66  4:46  Roach x2  
  70  4:55  Extractor  
  70  4:57  Zergling x10  
  73  5:09  Roach x2  
  66  5:16  Roach x3  
  61  5:23  Roach  
  61  5:27  Roach x2  
  60  5:37  Roach x3  
  60  5:43  Roach  
  62  5:51  Queen x2  
  62  5:52  Queen  
  62  5:54  Zergling x6  
  71  5:59  Drone  
  71  6:00  Baneling Nest, Drone x2  
  73  6:16  Overlord x3  
  73  6:23  Evolution Chamber  
  73  6:24  Evolution Chamber  
  71  6:39  Drone  
  73  6:40  Drone x5  
  73  6:42  Drone x3  
  73  6:43  Drone x5  
  73  6:46  Overseer  
  85  6:50  Queen  
  85  6:52  Zerg Melee Weapons Level 1  
  87  6:55  Zerg Missile Weapons Level 1  
  87  7:01  Centrifical Hooks  
  87  7:07  Zergling x2  
  87  7:08  Zergling x6  
  91  7:22  Overlord x2  
  91  7:29  Overlord x2  
  91  7:30  Infestation Pit  
  90  7:41  Baneling x13  
  90  7:42  Baneling  
  90  7:43  Extractor  
  89  7:45  Extractor  
  89  7:46  Drone x2  
  89  7:47  Drone x7  
  89  7:48  Drone x2  
  99  8:01  Roach x3  
  99  8:02  Roach  
  107  8:07  Hive  
  107  8:08  Drone x2  
  107  8:09  Drone x2  
  111  8:34  Roach x3  
  111  8:35  Roach x2  
  111  8:36  Overlord x3  
  121  8:41  Glial Reconstitution, Hatchery  
  121  8:43  Overlord  
  116  8:56  Roach  
  116  8:57  Roach x7  
  116  8:58  Zergling x2  
  132  9:05  Zergling x4  
  134  9:13  Zergling x10  
  134  9:19  Baneling x2  
  134  9:20  Zergling x2  
  134  9:21  Zergling x10  
  140  9:30  Zergling x4  
  140  9:31  Zergling x2  
  143  9:32  Baneling  
  143  9:33  Baneling x13  
  143  9:44  Roach x4  
  143  9:45  Roach  
  147  9:57  Roach x2  
  147  9:58  Roach x2  
  152  10:05  Zergling x8  
  152  10:06  Zergling x2  
  157  10:19  Zergling x6  
  157  10:20  Zergling x2, Ultralisk Cavern  
  157  10:21  Overlord x4  
  159  10:37  Roach  
Show
View Real Time Build Order
Export as new Build Order

waelh Terran 

Build Orders:  

Get SALT Encoding   

  12  0:01  SCV  
  13  0:17  Supply Depot  
  13  0:19  SCV  
  14  0:31  SCV  
  15  0:40  Barracks  
  15  0:46  SCV  
  16  0:55  Supply Depot  
  16  0:59  Barracks  
  16  1:04  SCV  
  17  1:16  SCV  
  18  1:20  Barracks  
  18  1:33  Marine  
  19  1:41  Barracks  
  19  1:46  Marine  
  20  1:51  Marine  
  21  1:55  SCV  
  21  1:58  Supply Depot  
  22  2:08  Barracks  
  22  2:10  Marine  
  22  2:14  Marine  
  24  2:17  Marine  
  25  2:27  Marine  
  25  2:28  Marine  
  27  2:31  Marine  
  27  2:35  Marine  
  29  2:45  Marine x2  
  29  2:47  Orbital Command  
  31  2:53  Supply Depot  
  31  2:57  Marine  
  32  3:00  Marine  
  32  3:02  Marine  
  34  3:06  Marine  
  34  3:09  Marine  
  36  3:14  Marine  
  36  3:17  Marine  
  38  3:22  Supply Depot  
  38  3:24  Marine  
  38  3:26  Marine  
  40  3:29  Marine  
  40  3:32  Marine  
  42  3:35  Marine  
  43  3:42  Marine  
  43  3:45  Supply Depot, Marine  
  43  3:47  Marine  
  46  3:56  Marine x2  
  46  4:00  Marine  
  49  4:03  Marine  
  49  4:05  Marine  
  51  4:12  Refinery  
  51  4:13  Marine  
  51  4:14  Marine  
  53  4:17  Supply Depot  
  53  4:18  Marine  
  54  4:42  Refinery  
  54  4:45  Marine x2  
  54  4:46  Marine x3  
  59  4:59  SCV, Engineering Bay  
  60  5:03  Marine x3  
  53  5:20  Barracks Tech Lab x2  
  43  5:23  Barracks Tech Lab x2  
  31  5:51  Barracks Tech Lab  
  31  5:53  Marauder, Marine x2  
  31  5:54  Marauder  
  37  6:09  Stimpack  
  37  6:11  Marauder, Marine  
  38  6:14  Marine  
  41  6:18  Concussive Shells  
  41  6:37  Command Center  
  41  6:47  Combat Shield  
  41  6:49  Marine  
  41  6:54  SCV  
  43  7:01  Terran Infantry Weapons Level 1  
  43  7:06  Marine x2  
  43  7:08  Marine  
  46  7:25  Marine x2  
  46  7:26  Marauder x3  
  54  7:30  SCV  
  55  7:38  Factory  
  55  7:42  SCV  
  56  7:49  Marine x2  
  56  7:50  Marauder, Marine x2  
  62  7:54  SCV  
  63  8:02  Orbital Command  
  63  8:06  SCV  
  63  8:07  Marine  
  65  8:19  Marauder, Marine x2  
  69  8:27  Starport  
  69  8:30  SCV  
  69  8:31  SCV  
  71  8:39  Marine  
  71  8:40  Marauder  
  74  8:42  Marine  
  74  8:43  Marine  
  74  8:44  SCV  
  77  8:49  Widow Mine  
  77  8:51  Marine  
  80  8:56  Terran Infantry Armor Level 1  
  80  8:57  Marine  
  78  9:18  Marine  
  78  9:19  Marauder x2, Marine x2  
  78  9:20  SCV  
  86  9:51  Marine  
  86  9:52  SCV x2, Marauder x2, Marine x2  
  75  10:09  Marine  
  75  10:10  Starport Reactor, Marauder x2  
  75  10:13  SCV, Marine  
  75  10:14  Marauder  
  84  10:24  Command Center  
  84  10:25  SCV  
  84  10:27  Marine  
  86  10:37  SCV  
  71  10:46  Marine  
  71  10:47  Marine x2  
Tags
 
Add a new tag
Caveats
  • Supply blocks, unpowered buildings, or Contaminate may cause inaccurate times.
  • Supply counts are checked every 10 seconds.